 Dungeon Crawl Stone Soup version 0.20.0 (webtiles) character file.

1518 FakerFangirl the Basher (level 8, 0/70 HPs)
             Began as a Grey Draconian Fighter on May 25, 2017.
             Slain by a hornet (3 damage)
             ... on level 9 of the Dungeon.
             The game lasted 00:10:39 (6113 turns).

FakerFangirl the Basher (Grey Draconian Fighter)    Turns: 6113, Time: 00:10:39

Health: 0/70       AC: 11    Str: 18    XL:     8   Next: 54%
Magic:  8/8        EV: 10    Int: 17    God:
Gold:   322        SH: 14    Dex: 17    Spells: 7/7 levels left

rFire    . . .     SeeInvis .   d - -3 morningstar
rCold    . . .     Gourm    .   g - +0 large shield
rNeg     . . .     Faith    .   (armour unavailable)
rPois    .         Spirit   .   (helmet restricted)
rElec    .         Reflect  .   (no cloak)
rCorr    .         Harm     .   (no gloves)
MR       +....                  (no boots)
Stlth    ++........             (no amulet)
Regen    0.3/turn               b - +5 ring of dexterity
MPRegen  0.2/turn               k - ring of Osimn {MR+ Int+7}

@: lethally poisoned (0 -> -12), about to teleport, slowed, very slow
A: walk through water, unfitting armour, unbreathing, cold-blooded, AC +11
a: no special abilities


You were on level 9 of the Dungeon.
You were not hungry.

You visited 1 branch of the dungeon, and saw 7 of its levels.

You collected 322 gold pieces.


Innate Abilities, Weirdness & Mutations

You can walk through water.
Your dull iron-grey scales are very hard. (AC +11)
You cannot fit into any form of body armour.
You can survive without breathing.
You are cold-blooded and may be slowed by cold attacks.


   Skills:
 - Level 6.0 Fighting
 - Level 9.1 Maces & Flails
 - Level 3.4 Dodging
 + Level 4.3 Shields


You had 7 spell levels left.
You didn't know any spells.

Inventory:

Hand Weapons
 d - a -3 morningstar (weapon)
Missiles
 n - 2 javelins (quivered)
Armour
 g - a +0 large shield (worn)
Jewellery
 b - a +5 ring of dexterity (left hand)
 k - the ring of Osimn (right hand) {MR+ Int+7}
   (You found it on level 4 of the Dungeon)

   [ring of protection from magic]

   It affects your intelligence (+7).
   It affects your resistance to hostile enchantments.
 s - an uncursed ring of fire
Wands
 j - a wand of acid (7/15)
Scrolls
 h - 2 scrolls of identify
 l - a scroll of silence {unknown}
 q - a scroll of remove curse
Potions
 c - a potion of might
 r - a potion of magic {unknown}
Comestibles
 a - 3 chunks of flesh
 e - 7 bread rations
 f - 2 meat rations

Dungeon Overview and Level Annotations

Branches:
Dungeon (9/15)
 Temple: D:4-7         Lair: D:8-11         Orc: D:9-12

Altars:
Fedhas
Gozag
Kikubaaqudgha
Okawaru
Ru
Sif Muna
Uskayaw
Yredelemnul

Annotations:
D:2 2 transporters


Message History

You barely miss the hornet.
Your tail-slap misses the hornet.
You feel sick. The hornet stings you!
You are more poisoned.
You feel as though you will be slow longer.
The hornet stings you!
You feel as though you will be slow longer.
You miss the hornet.
You feel very sick. You block the hornet's attack. The hornet stings you!
You feel as though you will be slow longer.
You block the hornet's attack.
6112 ||| READING scroll of teleportation.
As you read the scroll of teleportation, it crumbles to dust.
You feel strangely unstable.
You feel very sick. You block the hornet's attack.
The hornet closely misses you.
You closely miss the hornet.
You feel very sick. The hornet misses you. You block the hornet's attack.
The hornet stings you.
You die...

. #.#................#.#........#
. #..##............##..#..>.....#
.##..#.#..........#.#..#........#
.y....#.##......##.#...#........#
.......# .#....#.##......#####..#
.......# ####.#.#......#...#..#
........# ##.. #.#.......'...#..#
.........##....##........#...#..#
##..............@........#...#..#
##..............y.......#...#..#
......##....##........#...#..#
##..##.#.(.....#...#..# ###
.#.#......#h..#..#
.##......##+##... .#..(... ....
#..# .... ....


You could see a hornet.

Vanquished Creatures
  Sigmund (D:3)
  2 orc warriors (D:9)
  2 ice beasts
  A phantom (D:6)
  A sky beast (D:5)
  A necrophage (D:6)
  A big kobold (D:5)
  A crimson imp (D:5)
  A bullfrog zombie (D:5)
  A hound (D:9)
  A gnoll shaman (D:6)
  An orc priest (D:9)
  A centaur skeleton (D:4)
  2 iguanas
  5 orc wizards
  2 worker ants
  5 gnolls (D:6)
  4 adders
  2 shadow imps (D:5)
  An ooze (D:2)
  4 worms
  3 dart slugs
  3 leopard geckos
  16 orcs
  9 bats
  11 giant cockroaches
  10 goblins
  4 hobgoblins
  13 kobolds
  3 quokkas
  A ball python (D:2)
  8 frilled lizards
  A leopard gecko skeleton (D:4)
  10 rats
132 creatures vanquished.

Notes
Turn   | Place    | Note
-------+----------+-------------------------------------------
     0 | D:1      | FakerFangirl the Draconian Fighter began the quest for the Orb.
     0 | D:1      | Reached XP level 1. HP: 19/19 MP: 1/1
     0 | D:1      | 0 ||| counter = 12
    41 | D:1      | 41 ||| Stepping ~*~*~tactically~*~*~ (outnumbered).
   243 | D:1      | Reached XP level 2. HP: 26/26 MP: 2/2
   457 | D:1      | Reached skill level 3 in Maces & Flails
   482 | D:1      | 482 ||| Stepping ~*~*~tactically~*~*~ (outnumbered).
   483 | D:1      | 483 ||| Stepping ~*~*~tactically~*~*~ (outnumbered).
   484 | D:1      | 484 ||| Stepping ~*~*~tactically~*~*~ (outnumbered).
   485 | D:1      | 485 ||| Stepping ~*~*~tactically~*~*~ (outnumbered).
   487 | D:1      | 487 ||| Stepping ~*~*~tactically~*~*~ (outnumbered).
   488 | D:1      | 488 ||| Stepping ~*~*~tactically~*~*~ (outnumbered).
   489 | D:1      | 489 ||| Stepping ~*~*~tactically~*~*~ (outnumbered).
   796 | D:1      | Reached XP level 3. HP: 29/31 MP: 3/3
   911 | D:1      | 911 ||| READING scroll labeled ARPHUP OGHOEGUOJIU.
   916 | D:1      | 916 ||| READING scroll labeled ARHAAH YKHLATOFF.
   917 | D:1      | 917 ||| READING scroll labeled DIS LOINUCVE.
   939 | D:2      | 939 ||| Stepping randomly (stuck).
   940 | D:2      | 940 ||| Stepping randomly (stuck).
   941 | D:2      | 941 ||| Stepping randomly (stuck).
   942 | D:2      | 942 ||| Stepping randomly (stuck).
   943 | D:2      | 943 ||| Stepping randomly (stuck).
   944 | D:2      | 944 ||| Stepping randomly (stuck).
   945 | D:2      | 945 ||| Stepping randomly (stuck).
   946 | D:2      | 946 ||| Stepping randomly (stuck).
   947 | D:2      | 947 ||| Stepping randomly (stuck).
   948 | D:2      | 948 ||| Stepping randomly (stuck).
   949 | D:2      | 949 ||| Stepping randomly (stuck).
   950 | D:2      | 950 ||| Stepping randomly (stuck).
   951 | D:2      | 951 ||| Stepping randomly (stuck).
   952 | D:2      | 952 ||| Stepping randomly (stuck).
   953 | D:2      | 953 ||| Stepping randomly (stuck).
   954 | D:2      | 954 ||| Stepping randomly (stuck).
   955 | D:2      | 955 ||| Stepping randomly (stuck).
   956 | D:2      | 956 ||| Stepping randomly (stuck).
   957 | D:2      | 957 ||| Stepping randomly (stuck).
   958 | D:2      | 958 ||| Stepping randomly (stuck).
   959 | D:2      | 959 ||| Stepping randomly (stuck).
   960 | D:2      | 960 ||| Stepping randomly (stuck).
   961 | D:2      | 961 ||| Stepping randomly (stuck).
   962 | D:2      | 962 ||| Stepping randomly (stuck).
   963 | D:2      | 963 ||| Stepping randomly (stuck).
   964 | D:2      | 964 ||| Stepping randomly (stuck).
   965 | D:2      | 965 ||| Stepping randomly (stuck).
   966 | D:2      | 966 ||| Stepping randomly (stuck).
   967 | D:2      | 967 ||| Stepping randomly (stuck).
   968 | D:2      | 968 ||| Stepping randomly (stuck).
   969 | D:2      | 969 ||| Stepping randomly (stuck).
   970 | D:2      | 970 ||| Stepping randomly (stuck).
   971 | D:2      | 971 ||| Stepping randomly (stuck).
   972 | D:2      | 972 ||| Stepping randomly (stuck).
   973 | D:2      | 973 ||| Stepping randomly (stuck).
   974 | D:2      | 974 ||| Stepping randomly (stuck).
   975 | D:2      | 975 ||| Stepping randomly (stuck).
   976 | D:2      | 976 ||| Stepping randomly (stuck).
   977 | D:2      | 977 ||| Stepping randomly (stuck).
   978 | D:2      | 978 ||| Stepping randomly (stuck).
   979 | D:2      | 979 ||| Stepping randomly (stuck).
   980 | D:2      | 980 ||| Stepping randomly (stuck).
   981 | D:2      | 981 ||| Stepping randomly (stuck).
   982 | D:2      | 982 ||| Stepping randomly (stuck).
   983 | D:2      | 983 ||| Stepping randomly (stuck).
   984 | D:2      | 984 ||| Stepping randomly (stuck).
   985 | D:2      | 985 ||| Stepping randomly (stuck).
   986 | D:2      | 986 ||| Stepping randomly (stuck).
   987 | D:2      | 987 ||| Stepping randomly (stuck).
   988 | D:2      | 988 ||| Stepping randomly (stuck).
   989 | D:2      | 989 ||| Stepping randomly (stuck).
   990 | D:2      | 990 ||| Stepping randomly (stuck).
   991 | D:2      | 991 ||| Stepping randomly (stuck).
   992 | D:2      | 992 ||| Stepping randomly (stuck).
   993 | D:2      | 993 ||| Stepping randomly (stuck).
   994 | D:2      | 994 ||| Stepping randomly (stuck).
   995 | D:2      | 995 ||| Stepping randomly (stuck).
   996 | D:2      | 996 ||| Stepping randomly (stuck).
   997 | D:2      | 997 ||| Stepping randomly (stuck).
   998 | D:2      | 998 ||| Stepping randomly (stuck).
   999 | D:2      | 999 ||| Stepping randomly (stuck).
  1000 | D:2      | 1000 ||| Stepping randomly (stuck).
  1001 | D:2      | 1001 ||| Stepping randomly (stuck).
  1002 | D:2      | 1002 ||| Stepping randomly (stuck).
  1003 | D:2      | 1003 ||| Stepping randomly (stuck).
  1004 | D:2      | 1004 ||| Stepping randomly (stuck).
  1005 | D:2      | 1005 ||| Stepping randomly (stuck).
  1007 | D:2      | 1007 ||| Stepping randomly (stuck).
  1008 | D:2      | 1008 ||| Stepping randomly (stuck).
  1009 | D:2      | 1009 ||| Stepping randomly (stuck).
  1010 | D:2      | 1010 ||| Stepping randomly (stuck).
  1011 | D:2      | 1011 ||| Stepping randomly (stuck).
  1012 | D:2      | 1012 ||| Stepping randomly (stuck).
  1013 | D:2      | 1013 ||| Stepping randomly (stuck).
  1014 | D:2      | 1014 ||| Stepping randomly (stuck).
  1015 | D:2      | 1015 ||| Stepping randomly (stuck).
  1016 | D:2      | 1016 ||| Stepping randomly (stuck).
  1017 | D:2      | 1017 ||| Stepping randomly (stuck).
  1018 | D:2      | 1018 ||| Stepping randomly (stuck).
  1019 | D:2      | 1019 ||| Stepping randomly (stuck).
  1020 | D:2      | 1020 ||| Stepping randomly (stuck).
  1021 | D:2      | 1021 ||| Stepping randomly (stuck).
  1022 | D:2      | 1022 ||| Stepping randomly (stuck).
  1023 | D:2      | 1023 ||| Stepping randomly (stuck).
  1024 | D:2      | 1024 ||| Stepping randomly (stuck).
  1025 | D:2      | 1025 ||| Stepping randomly (stuck).
  1026 | D:2      | 1026 ||| Stepping randomly (stuck).
  1027 | D:2      | 1027 ||| Stepping randomly (stuck).
  1028 | D:2      | 1028 ||| Stepping randomly (stuck).
  1029 | D:2      | 1029 ||| Stepping randomly (stuck).
  1030 | D:2      | 1030 ||| Stepping randomly (stuck).
  1031 | D:2      | 1031 ||| Stepping randomly (stuck).
  1032 | D:2      | 1032 ||| Stepping randomly (stuck).
  1033 | D:2      | 1033 ||| Stepping randomly (stuck).
  1034 | D:2      | 1034 ||| Stepping randomly (stuck).
  1035 | D:2      | 1035 ||| Stepping randomly (stuck).
  1036 | D:2      | 1036 ||| Stepping randomly (stuck).
  1037 | D:2      | 1037 ||| Stepping randomly (stuck).
  1038 | D:2      | 1038 ||| Stepping randomly (stuck).
  1039 | D:2      | 1039 ||| Stepping randomly (stuck).
  1040 | D:2      | 1040 ||| Stepping randomly (stuck).
  1041 | D:2      | 1041 ||| Stepping randomly (stuck).
  1042 | D:2      | 1042 ||| Stepping randomly (stuck).
  1043 | D:2      | 1043 ||| Stepping randomly (stuck).
  1044 | D:2      | 1044 ||| Stepping randomly (stuck).
  1045 | D:2      | 1045 ||| Stepping randomly (stuck).
  1046 | D:2      | 1046 ||| Stepping randomly (stuck).
  1047 | D:2      | 1047 ||| Stepping randomly (stuck).
  1048 | D:2      | 1048 ||| Stepping randomly (stuck).
  1049 | D:2      | 1049 ||| Stepping randomly (stuck).
  1050 | D:2      | 1050 ||| Stepping randomly (stuck).
  1051 | D:2      | 1051 ||| Stepping randomly (stuck).
  1052 | D:2      | 1052 ||| Stepping randomly (stuck).
  1053 | D:2      | 1053 ||| Stepping randomly (stuck).
  1054 | D:2      | 1054 ||| Stepping randomly (stuck).
  1055 | D:2      | 1055 ||| Stepping randomly (stuck).
  1056 | D:2      | 1056 ||| Stepping randomly (stuck).
  1057 | D:2      | 1057 ||| Stepping randomly (stuck).
  1058 | D:2      | 1058 ||| Stepping randomly (stuck).
  1059 | D:2      | 1059 ||| Stepping randomly (stuck).
  1060 | D:2      | 1060 ||| Stepping randomly (stuck).
  1061 | D:2      | 1061 ||| Stepping randomly (stuck).
  1062 | D:2      | 1062 ||| Stepping randomly (stuck).
  1063 | D:2      | 1063 ||| Stepping randomly (stuck).
  1064 | D:2      | 1064 ||| Stepping randomly (stuck).
  1065 | D:2      | 1065 ||| Stepping randomly (stuck).
  1066 | D:2      | 1066 ||| Stepping randomly (stuck).
  1067 | D:2      | 1067 ||| Stepping randomly (stuck).
  1068 | D:2      | 1068 ||| Stepping randomly (stuck).
  1069 | D:2      | 1069 ||| Stepping randomly (stuck).
  1070 | D:2      | 1070 ||| Stepping randomly (stuck).
  1071 | D:2      | 1071 ||| Stepping randomly (stuck).
  1072 | D:2      | 1072 ||| Stepping randomly (stuck).
  1073 | D:2      | 1073 ||| Stepping randomly (stuck).
  1074 | D:2      | 1074 ||| Stepping randomly (stuck).
  1075 | D:2      | 1075 ||| Stepping randomly (stuck).
  1076 | D:2      | 1076 ||| Stepping randomly (stuck).
  1077 | D:2      | 1077 ||| Stepping randomly (stuck).
  1078 | D:2      | 1078 ||| Stepping randomly (stuck).
  1079 | D:2      | 1079 ||| Stepping randomly (stuck).
  1080 | D:2      | 1080 ||| Stepping randomly (stuck).
  1081 | D:2      | 1081 ||| Stepping randomly (stuck).
  1082 | D:2      | 1082 ||| Stepping randomly (stuck).
  1083 | D:2      | 1083 ||| Stepping randomly (stuck).
  1084 | D:2      | 1084 ||| Stepping randomly (stuck).
  1085 | D:2      | 1085 ||| Stepping randomly (stuck).
  1086 | D:2      | 1086 ||| Stepping randomly (stuck).
  1087 | D:2      | 1087 ||| Stepping randomly (stuck).
  1088 | D:2      | 1088 ||| Stepping randomly (stuck).
  1089 | D:2      | 1089 ||| Stepping randomly (stuck).
  1090 | D:2      | 1090 ||| Stepping randomly (stuck).
  1091 | D:2      | 1091 ||| Stepping randomly (stuck).
  1092 | D:2      | 1092 ||| Stepping randomly (stuck).
  1093 | D:2      | 1093 ||| Stepping randomly (stuck).
  1094 | D:2      | 1094 ||| Stepping randomly (stuck).
  1095 | D:2      | 1095 ||| Stepping randomly (stuck).
  1096 | D:2      | 1096 ||| Stepping randomly (stuck).
  1097 | D:2      | 1097 ||| Stepping randomly (stuck).
  1098 | D:2      | 1098 ||| Stepping randomly (stuck).
  1099 | D:2      | 1099 ||| Stepping randomly (stuck).
  1100 | D:2      | 1100 ||| Stepping randomly (stuck).
  1101 | D:2      | 1101 ||| Stepping randomly (stuck).
  1102 | D:2      | 1102 ||| Stepping randomly (stuck).
  1103 | D:2      | 1103 ||| Stepping randomly (stuck).
  1104 | D:2      | 1104 ||| Stepping randomly (stuck).
  1105 | D:2      | 1105 ||| Stepping randomly (stuck).
  1106 | D:2      | 1106 ||| Stepping randomly (stuck).
  1107 | D:2      | 1107 ||| Stepping randomly (stuck).
  1108 | D:2      | 1108 ||| Stepping randomly (stuck).
  1109 | D:2      | 1109 ||| Stepping randomly (stuck).
  1110 | D:2      | 1110 ||| Stepping randomly (stuck).
  1111 | D:2      | 1111 ||| Stepping randomly (stuck).
  1112 | D:2      | 1112 ||| Stepping randomly (stuck).
  1113 | D:2      | 1113 ||| Stepping randomly (stuck).
  1114 | D:2      | 1114 ||| Stepping randomly (stuck).
  1115 | D:2      | 1115 ||| Stepping randomly (stuck).
  1116 | D:2      | 1116 ||| Stepping randomly (stuck).
  1117 | D:2      | 1117 ||| Stepping randomly (stuck).
  1118 | D:2      | 1118 ||| Stepping randomly (stuck).
  1119 | D:2      | 1119 ||| Stepping randomly (stuck).
  1120 | D:2      | 1120 ||| Stepping randomly (stuck).
  1121 | D:2      | 1121 ||| Stepping randomly (stuck).
  1122 | D:2      | 1122 ||| Stepping randomly (stuck).
  1123 | D:2      | 1123 ||| Stepping randomly (stuck).
  1124 | D:2      | 1124 ||| Stepping randomly (stuck).
  1125 | D:2      | 1125 ||| Stepping randomly (stuck).
  1126 | D:2      | 1126 ||| Stepping randomly (stuck).
  1127 | D:2      | 1127 ||| Stepping randomly (stuck).
  1128 | D:2      | 1128 ||| Stepping randomly (stuck).
  1129 | D:2      | 1129 ||| Stepping randomly (stuck).
  1130 | D:2      | 1130 ||| Stepping randomly (stuck).
  1131 | D:2      | 1131 ||| Stepping randomly (stuck).
  1132 | D:2      | 1132 ||| Stepping randomly (stuck).
  1133 | D:2      | 1133 ||| Stepping randomly (stuck).
  1134 | D:2      | 1134 ||| Stepping randomly (stuck).
  1135 | D:2      | 1135 ||| Stepping randomly (stuck).
  1136 | D:2      | 1136 ||| Stepping randomly (stuck).
  1137 | D:2      | 1137 ||| Stepping randomly (stuck).
  1138 | D:2      | 1138 ||| Stepping randomly (stuck).
  1139 | D:2      | 1139 ||| Stepping randomly (stuck).
  1140 | D:2      | 1140 ||| Stepping randomly (stuck).
  1141 | D:2      | 1141 ||| Stepping randomly (stuck).
  1142 | D:2      | 1142 ||| Stepping randomly (stuck).
  1143 | D:2      | 1143 ||| Stepping randomly (stuck).
  1144 | D:2      | 1144 ||| Stepping randomly (stuck).
  1145 | D:2      | 1145 ||| Stepping randomly (stuck).
  1146 | D:2      | 1146 ||| Stepping randomly (stuck).
  1147 | D:2      | 1147 ||| Stepping randomly (stuck).
  1148 | D:2      | 1148 ||| Stepping randomly (stuck).
  1149 | D:2      | 1149 ||| Stepping randomly (stuck).
  1150 | D:2      | 1150 ||| Stepping randomly (stuck).
  1151 | D:2      | 1151 ||| Stepping randomly (stuck).
  1152 | D:2      | 1152 ||| Stepping randomly (stuck).
  1153 | D:2      | 1153 ||| Stepping randomly (stuck).
  1154 | D:2      | 1154 ||| Stepping randomly (stuck).
  1155 | D:2      | 1155 ||| Stepping randomly (stuck).
  1156 | D:2      | 1156 ||| Stepping randomly (stuck).
  1157 | D:2      | 1157 ||| Stepping randomly (stuck).
  1158 | D:2      | 1158 ||| Stepping randomly (stuck).
  1159 | D:2      | 1159 ||| Stepping randomly (stuck).
  1160 | D:2      | 1160 ||| Stepping randomly (stuck).
  1161 | D:2      | 1161 ||| Stepping randomly (stuck).
  1162 | D:2      | 1162 ||| Stepping randomly (stuck).
  1163 | D:2      | 1163 ||| Stepping randomly (stuck).
  1164 | D:2      | 1164 ||| Stepping randomly (stuck).
  1165 | D:2      | 1165 ||| Stepping randomly (stuck).
  1166 | D:2      | 1166 ||| Stepping randomly (stuck).
  1167 | D:2      | 1167 ||| Stepping randomly (stuck).
  1168 | D:2      | 1168 ||| Stepping randomly (stuck).
  1169 | D:2      | 1169 ||| Stepping randomly (stuck).
  1170 | D:2      | 1170 ||| Stepping randomly (stuck).
  1171 | D:2      | 1171 ||| Stepping randomly (stuck).
  1172 | D:2      | 1172 ||| Stepping randomly (stuck).
  1173 | D:2      | 1173 ||| Stepping randomly (stuck).
  1174 | D:2      | 1174 ||| Stepping randomly (stuck).
  1175 | D:2      | 1175 ||| Stepping randomly (stuck).
  1176 | D:2      | 1176 ||| Stepping randomly (stuck).
  1177 | D:2      | 1177 ||| Stepping randomly (stuck).
  1178 | D:2      | 1178 ||| Stepping randomly (stuck).
  1179 | D:2      | 1179 ||| Stepping randomly (stuck).
  1180 | D:2      | 1180 ||| Stepping randomly (stuck).
  1181 | D:2      | 1181 ||| Stepping randomly (stuck).
  1182 | D:2      | 1182 ||| Stepping randomly (stuck).
  1183 | D:2      | 1183 ||| Stepping randomly (stuck).
  1184 | D:2      | 1184 ||| Stepping randomly (stuck).
  1189 | D:3      | 1189 ||| Shafted from D:2 to D:3.
  1369 | D:2      | 1369 ||| Successfully unshafted to D:2.
  1396 | D:2      | Found an ancient bone altar of Kikubaaqudgha.
  1398 | D:2      | Found a basalt altar of Yredelemnul.
  1399 | D:2      | Found an iron altar of Okawaru.
  1402 | D:2      | Found a sacrificial altar of Ru.
  1402 | D:2      | Found a deep blue altar of Sif Muna.
  1487 | D:2      | Reached skill level 4 in Maces & Flails
  1909 | D:2      | Found an opulent altar of Gozag.
  1982 | D:2      | Reached XP level 4. HP: 29/38 MP: 4/4
  2280 | D:2      | Found a blossoming altar of Fedhas.
  2403 | D:2      | 2403 ||| EATING 2 fruits.
  2506 | D:2      | 2506 ||| UPGRADING to large shield.
  2516 | D:2      | 2516 ||| DROPPING +0 shield.
  2517 | D:2      | 2517 ||| READING scroll labeled ECSOPT LINO.
  2518 | D:2      | 2518 ||| READING 2 scrolls labeled PIBLAU ZONIOPT.
  2519 | D:2      | 2519 ||| READING scroll of enchant weapon.
  2519 | D:2      | 2519 ||| ENCHANTING +1 flail.
  2520 | D:2      | 2520 ||| DRINKING 2 orange potions.
  2554 | D:2      | 2554 ||| DRINKING 2 bubbling cyan potions.
  2555 | D:2      | 2555 ||| DRINKING 2 emerald potions.
  2556 | D:2      | 2556 ||| READING scroll of identify.
  2556 | D:2      | 2556 ||| IDENTIFYING pearl ring
  2557 | D:2      | 2557 ||| UPGRADING to +5 ring of dexterity.
  2558 | D:2      | 2558 ||| DROPPING potion of lignification.
  2559 | D:2      | 2559 ||| DROPPING potion of agility.
  2752 | D:3      | Reached skill level 5 in Maces & Flails
  2896 | D:3      | Noticed Sigmund
  2899 | D:3      | 2899 ||| DRINKING potion of curing.
  2899 | D:3      | 2899 ||| (to cure confusion)
  2910 | D:3      | Killed Sigmund
  2910 | D:3      | Reached skill level 6 in Maces & Flails
  2910 | D:3      | Reached XP level 5. HP: 15/45 MP: 5/5
  2910 | D:3      | Reached XP level 6. HP: 17/51 MP: 6/6
  3530 | D:3      | 3530 ||| READING scroll labeled IBLOIMOMIFF.
  3557 | D:4      | Got a heavily runed pewter ring
  3731 | D:4      | 3731 ||| Stepping ~*~*~tactically~*~*~ (outnumbered).
  3732 | D:4      | 3732 ||| Stepping ~*~*~tactically~*~*~ (outnumbered).
  3733 | D:4      | 3733 ||| Stepping ~*~*~tactically~*~*~ (outnumbered).
  3734 | D:4      | 3734 ||| Stepping ~*~*~tactically~*~*~ (outnumbered).
  3736 | D:4      | 3736 ||| Stepping ~*~*~tactically~*~*~ (outnumbered).
  3737 | D:4      | 3737 ||| Stepping ~*~*~tactically~*~*~ (outnumbered).
  4048 | D:4      | Reached skill level 7 in Maces & Flails
  4166 | D:4      | 4166 ||| UPGRADING to heavily runed pewter ring.
  4166 | D:4      | Identified the ring of Osimn {MR+ Int+7} (You found it on level 4 of the Dungeon)
  4167 | D:4      | 4167 ||| UPGRADING to runed moonstone ring.
  4169 | D:4      | 4169 ||| REMOVING ring of fire.
  4170 | D:4      | 4170 ||| UPGRADING to +5 ring of dexterity.
  4171 | D:4      | 4171 ||| READING scroll labeled ROHEUXE WAIK.
  4172 | D:4      | 4172 ||| READING scroll labeled QATOMU OLUSY.
  4173 | D:4      | 4173 ||| READING scroll labeled GYICKI YLOZED.
  4193 | D:5      | Entered Level 5 of the Dungeon
  4227 | D:5      | Found a sacrificial altar of Ru.
  4503 | D:5      | Your scales start taking on a dull iron-grey colour.
  4503 | D:5      | Reached XP level 7. HP: 57/59 MP: 7/7
  4503 | D:5      | Gained mutation: You can survive without breathing. [Grey Draconian growth]
  4521 | D:5      | Found a hide-covered altar of Uskayaw.
  4530 | D:5      | 4530 ||| READING scroll of enchant weapon.
  4530 | D:5      | 4530 ||| ENCHANTING +2 flail.
  4668 | D:5      | Reached skill level 8 in Maces & Flails
  5001 | D:5      | Found a blossoming altar of Fedhas.
  5041 | D:5      | 5041 ||| READING scroll labeled ZAGO BIOFF.
  5042 | D:5      | 5042 ||| READING scroll labeled YSOSAXT WOGEUF.
  5043 | D:5      | 5043 ||| READING 3 scrolls labeled GELUMO TIERA.
  5044 | D:5      | 5044 ||| DROPPING 2 scrolls of random uselessness.
  5162 | D:6      | 5162 ||| EATING fruit.
  5194 | D:6      | Reached XP level 8. HP: 36/68 MP: 8/8
  5421 | D:6      | 5421 ||| EATING 8 bread rations.
  5531 | D:6      | You fall through a shaft for 3 floors!
  5532 | D:9      | 5532 ||| Shafted from D:6 to D:9.
  5543 | D:9      | Reached skill level 9 in Maces & Flails
  5557 | D:9      | Reached skill level 3 in Dodging
  5747 | D:9      | 5747 ||| SWAPPING to morningstar.
  5756 | D:9      | 5756 ||| DROPPING +3 flail.
  5757 | D:9      | 5757 ||| READING 2 scrolls of remove curse.
  5808 | D:9      | Noticed a hornet
  5820 | D:9      | HP: 17/70 [hornet (3)]
  5821 | D:9      | 5821 ||| READING 2 scrolls of teleportation.
  5821 | D:9      | HP: 4/70 [hornet (11)]
  5823 | D:9      | 5823 ||| DRINKING potion of curing.
  5823 | D:9      | 5823 ||| (to cure poison)
  6039 | D:9      | Reached skill level 6 in Fighting
  6104 | D:9      | Noticed a hornet
  6111 | D:9      | HP: 17/70 [poisoned by a hornet]
  6112 | D:9      | 6112 ||| READING scroll of teleportation.
  6112 | D:9      | HP: 6/70 [poisoned by a hornet]
  6113 | D:9      | Slain by a hornet

Vault maps used:
D:1:      eino_arrival_cavern_a
D:2:      gammafunk_temple_overflow_arena, nicolae_gozag_seed_capital,
          st_stairs_14, fedhas_altar_fruit_tree
D:3:      uniq_sigmund
D:4:      first_bread
D:5:      lemuel_coloured_pillars_altar, kennysheep_mini_moat,
          nicolae_ru_awakened_eye
D:6:      kennysheep_windowed_halls, minmay_misc_feat_x, uniq_grinder
D:9:      hangedman_fish_farm, minmay_misc_feat_secret_circle

Skill      XL: |  1  2  3  4  5  6  7  8 |
---------------+-------------------------+-----
Maces & Flails | 3 4 6 7 8 9 |  9.1
Fighting       | 4 5 6 |  6.0
Shields        | 4 |  4.3
Dodging        | 3 |  3.4

Action                   |  1- 3 |  4- 6 |  7- 9 || total
-------------------------+-------+-------+-------++-------
Melee: Flail             |   164 |   121 |   107 ||   392
       Tailslap          |    16 |    19 |    20 ||    55
       Morningstar       |       |       |    31 ||    31
Throw: Javelin           |     5 |    42 |    19 ||    66
  Use: Scroll            |     3 |     8 |     7 ||    18
       Potion            |       |     4 |     1 ||     5
 Stab: Sleeping          |     1 |       |       ||     1
       Distracted        |       |     1 |       ||     1
  Eat: Chunk             |     4 |     7 |     1 ||    12
       Fruit             |       |     1 |     1 ||     2
       Bread ration      |       |       |     1 ||     1
Armor: Skin              |    40 |    20 |    43 ||   103
Dodge: Dodged            |    54 |    28 |    39 ||   121
Block: Shield            |    66 |    11 |       ||    77
       Large shield      |       |    54 |    96 ||   150
